 Dungeon Crawl Stone Soup version 0.28.0-53-g5a82cb258f (webtiles) character file.

Game seed: 12349874762009415259

1605 DocClef the Fighter (level 8, -3/79 HPs)
             Began as a Black Draconian Fighter on June 29, 2022.
             Was a Follower of Okawaru.
             Slain by a vampire (6 damage)
             ... on level 6 of the Dungeon.
             The game lasted 00:08:24 (7282 turns).

DocClef the Fighter (Black Draconian Fighter)       Turns: 7282, Time: 00:08:24

Health: -3/79      AC:  8    Str: 20    XL:     8   Next: 63%
Magic:  0/8        EV: 12    Int:  8    God:    Okawaru [*.....]
Gold:   113        SH:  0    Dex: 12    Spells: 7/7 levels left

rFire   . . .      SeeInvis .   h - +3 falchion (protect)
rCold   . . .      Faith    .   b - +1 buckler
rNeg    . . .      Spirit   +   (armour unavailable)
rPois   .          Reflect  .   (helmet restricted)
rElec   +          Harm     .   x - +1 cloak
rCorr   .          Rampage  .   (no gloves)
Will    .....                   (no boots)
Stlth   +.........              r - amulet of guardian spirit
HPRegen 0.23/turn               (no ring)
MPRegen 0.11/turn               (no ring)

@: confused, mighty, short of breath
A: breathe lightning, AC +6, unfitting armour, electricity resistance,
cold-blooded
a: Breathe Lightning, Renounce Religion, Heroism


You were on level 6 of the Dungeon.
You worshipped Okawaru.
Okawaru was aware of your devotion.
You visited 2 branches of the dungeon, and saw 7 of its levels.
You also visited: Sewer.

You collected 113 gold pieces.

Inventory:

Hand Weapons
 a - a +0 flail
 d - a +0 short sword of venom
 h - a +3 falchion of protection (weapon)
Armour
 b - a +1 buckler (worn)
 x - a +1 cloak (worn)
Jewellery
 q - a ring of fire
 r - an amulet of guardian spirit (around neck)
 t - a +6 ring of intelligence
Wands
 i - a wand of acid (14)
 z - a wand of flame (21)
Scrolls
 e - 2 scrolls of magic mapping
 g - a scroll of blinking
 n - 2 scrolls of teleportation
 o - a scroll of identify
 u - a scroll of enchant armour
 y - a scroll of enchant weapon
Potions
 f - a potion of resistance
 j - a potion of cancellation
 l - a potion of flight
 m - 3 potions of heal wounds
 w - 2 potions of attraction {unknown}
 A - a potion of degeneration {unknown}


   Skills:
 - Level 10.2 Fighting
 + Level 6.3 Long Blades
 - Level 2.0 Maces & Flails
 - Level 2.6 Dodging
 - Level 3.0 Shields


You had 7 spell levels left.
You didn't know any spells.
Your spell library was empty.

Dungeon Overview and Level Annotations

Branches:
Dungeon (6/15)             Temple (1/1) D:4           Sewer (visited)

Altars:
Ashenzari
Cheibriados
Dithmenos
Elyvilon
Fedhas
Gozag
Hepliaklqana
Kikubaaqudgha
Makhleb
Nemelex Xobeh
Okawaru
Qazlal
Ru
Sif Muna
Trog
Uskayaw
Vehumet
Wu Jian
Xom
Yredelemnul
Zin
The Shining One

Shops:
D:2 (   D:3 **(:=   D:4 ?   D:5 ?


Innate Abilities, Weirdness & Mutations

You can breathe wild blasts of lightning.
Your glossy black scales are hard. (AC +6)
You cannot fit into any form of body armour.
You are resistant to electric shocks. (rElec)
You are cold-blooded and may be slowed by cold attacks.


Message History

* * * LOW HITPOINT WARNING * * *
Something draws strength from your injuries!
Something hits you but does no damage. Something bites you.
Something draws strength from your injuries!
Something hits you.
* * * LOW HITPOINT WARNING * * *
Something bites you.
* * * LOW HITPOINT WARNING * * *
Something draws strength from your injuries!
You feel less invigorated. Something hits you but does no damage.
Something barely misses you.
You hit something.
Your weapon exudes an aura of protection.
Something hits you.
* * * LOW HITPOINT WARNING * * *
Something bites you!
* * * LOW HITPOINT WARNING * * *
Something draws strength from your injuries!
You feel less confused. Something hits you.
* * * LOW HITPOINT WARNING * * *
Something bites you!
* * * LOW HITPOINT WARNING * * *
Something draws strength from your injuries!
As you read the scroll labelled TENLYI ASTRA, it crumbles to dust.
It is a scroll of amnesia.
You feel forgetful for a moment. You block something's attack.
Something bites you but does no damage.
Okay, then.
Activating: Breathe Lightning (4% risk of failure)
Press: ? - help, Dir - look around, f - activate You breathe a wild blast of lightning!
You hear a mighty clap of thunder! x2
Something hits you!
* * * LOW HITPOINT WARNING * * *
Something bites you but does no damage.
You hear some strange, mumbled words.
You are confused.
Something hits you!
You die...

########## ###### #........#
#....# #........#
#.##.###........#
#.##..#.........#
###########..##.#.........#
#........{@............#.##
#######........####..#######...##
....>.........## ##..### #....#
####..........# ##...# ##...##
...####.......# #....###....#
..............######.#......#..#
###............#.....#...####..#
####..............##...# #..##
####..........>..)..####...#


There were no monsters in sight!

Vanquished Creatures
  A wraith (D:4)
  2 ogres
  A centaur (D:6)
  2 bullfrogs (Sewer)
  3 centaur zombies (D:5)
  An orc priest (D:6)
  A gnoll shaman (D:5)
  2 hounds
  A centaur skeleton (D:6)
  5 iguanas
  Terence (D:2)
  An orc wizard (D:5)
  A hound zombie (D:5)
  A howler monkey zombie (D:6)
  9 gnolls
  6 adders
  4 river rats
  An ufetubus (D:6)
  A worm (D:3)
  4 dart slugs
  16 orcs
  19 ball pythons
  5 endoplasms
  5 giant cockroaches
  5 goblins
  6 hobgoblins
  3 jackals (D:3)
  A quokka (D:2)
  4 bats
  7 frilled lizards
  5 kobolds
  32 rats
156 creatures vanquished.

Vanquished Creatures (others)
  A plant (D:2)
1 creature vanquished.

Grand Total: 157 creatures vanquished

Notes
Turn   | Place    | Note
-------+----------+-------------------------------------------
     0 | D:1      | DocClef the Draconian Fighter began the quest for the Orb.
     0 | D:1      | Reached XP level 1. HP: 19/19 MP: 1/1
   408 | D:1      | Found a faded altar of an unknown god.
   417 | D:1      | Reached skill level 4 in Fighting
   417 | D:1      | Reached XP level 2. HP: 23/27 MP: 2/2
  1396 | D:2      | Reached XP level 3. HP: 31/34 MP: 3/3
  1520 | D:2      | Noticed Terence
  1522 | D:2      | Found Muzaohad's Antique Weapon Emporium.
  1532 | D:2      | Killed Terence
  1533 | D:2      | Reached skill level 5 in Fighting
  1959 | D:2      | Reached XP level 4. HP: 42/42 MP: 4/4
  2405 | D:3      | Reached skill level 6 in Fighting
  2410 | D:3      | Found Bierhoos's General Store.
  2508 | D:3      | Found a glowing drain.
  2546 | Sewer    | Entered a sewer
  2658 | Sewer    | Reached XP level 5. HP: 47/51 MP: 5/5
  2931 | Sewer    | Reached skill level 7 in Fighting
  2936 | Sewer    | Reached XP level 6. HP: 26/61 MP: 6/6
  3246 | D:3      | Found Mutisey's Book Emporium.
  3253 | D:3      | Found Ismoun's Weapon Shoppe.
  3309 | D:3      | Reached skill level 8 in Fighting
  3552 | D:3      | Found Qoyzu's Jewellery Shoppe.
  3660 | D:3      | Found Ceonue's Assorted Antiques.
  3706 | D:3      | Found a white marble altar of Elyvilon.
  3936 | D:4      | Found a staircase to the Ecumenical Temple.
  3954 | Temple   | Entered the Ecumenical Temple
  4349 | Temple   | Became a worshipper of Warmaster Okawaru
  4509 | D:4      | Found Xesk's Magic Scroll Shoppe.
  4924 | D:5      | Entered Level 5 of the Dungeon
  4963 | D:5      | Found Ylamn's Magic Scroll Boutique.
  5157 | D:5      | Your scales start taking on a glossy black colour.
  5157 | D:5      | Reached XP level 7. HP: 60/69 MP: 7/7
  5157 | D:5      | Gained mutation: You are resistant to electric shocks.
                  | (rElec) [Black Draconian growth]
  5170 | D:5      | Reached * piety under Okawaru
  5171 | D:5      | Reached skill level 10 in Fighting
  5544 | D:5      | Noticed a wraith
  5624 | D:4      | Killed a wraith
  5625 | D:4      | Reached XP level 8. HP: 55/79 MP: 8/8
  6517 | D:6      | Reached skill level 5 in Long Blades
  7060 | D:6      | Found a sparkling altar of Nemelex Xobeh.
  7277 | D:6      | HP: 2/79 [something (8)]
  7282 | D:6      | Slain by a vampire

Illustrated notes

Levels and vault maps discovered:
D:1:      scummos_arrival_gate, layout_basic, basic_ecumenical_altar
D:2:      layout_loops_ring, serial_shops, nicolae_shop_overgrown_old_shop,
          uniq_terence
D:3:      layout_rooms, mainiacjoe_overflow_24_doors, portal_sewer_entry_e,
          serial_shops, shop, shop, shop, shop_fountains, shop_fountains,
          hangedman_feature_mirror
D:4:      layout_rooms, minmay_temple_entry_wispy, serial_shops,
          nicolae_shop_competitors_out_of_business, hangedman_feature_mirror
D:5:      layout_gridville, serial_shops, nicolae_lakefront_shop,
          grunt_ministairs_7
D:6:      layout_rooms, kennysheep_little_box, chequers_serial_rivers_micro_a
Temple:   mainiacjoe_temple_big_plus

Skill      XL: |  1  2  3  4  5  6  7  8 |
---------------+-------------------------+-----
Fighting       | 4 5 6 7 8 10 | 10.2
Long Blades    | 2 6 |  6.3
Maces & Flails | |  2.0
Dodging        | |  2.6
Shields        | |  3.0

Action                   |  1- 3 |  4- 6 |  7- 9 || total
-------------------------+-------+-------+-------++-------
Melee: Flail             |    11 |       |       ||    11
       Short sword       |    68 |       |       ||    68
       Tailslap          |     9 |    33 |    35 ||    77
       Falchion          |    18 |   259 |   147 ||   424
Throw: Javelin           |       |       |     3 ||     3
Invok: Heroism           |       |       |     2 ||     2
 Abil: Breathe Lightning |       |       |     4 ||     4
  Use: Scroll            |       |    12 |     1 ||    13
       Potion            |       |     4 |     3 ||     7
 Stab: Sleeping          |       |     1 |       ||     1
Armor: Skin              |    20 |   140 |    82 ||   242
Dodge: Dodged            |    47 |   183 |   118 ||   348
Block: Buckler           |    21 |    71 |    50 ||   142
